 Dungeon Crawl Stone Soup version 0.27-a0-901-g8736458e1e (webtiles) character file.

Game seed: 7548465932113780639

312 HELP the Changer (level 6, -3/42 HPs)
             Began as an Octopode Transmuter on Apr 5, 2021.
             Was an Initiate of Ashenzari.
             Killed by divine providence
             ... invoked by an orc priest
              (12 damage)
             ... on level 4 of the Dungeon on Apr 6, 2021.
             The game lasted 00:18:47 (4921 turns).

HELP the Changer (Octopode Transmuter)              Turns: 4921, Time: 00:18:47

Health: -3/42      AC:  1    Str: 10    XL:     6   Next: 42%
Magic:  19/20      EV: 13    Int: 18    God:    Ashenzari [......]
Gold:   157        SH:  0    Dex: 13    Spells: 5/11 levels left

rFire    + . .     SeeInvis .   b - +0 whip
rCold    x . .     Faith    .   (no shield)
rNeg     . . .     Spirit   .   (helmet currently unavailable)
rPois    +         Reflect  .   (no amulet)
rElec    +         Harm     .   d - ring "Xonlasen" {*Corrode rElec rPois rF+ rC-}
rCorr    .         Rampage  .   f - ring of magical power
Will     .....     Clarity  +   j - ring of wizardry
Stlth    ++........             (no ring)
HPRegen  0.14/turn              (no ring)
MPRegen  0.17/turn              (no ring)
                                (no ring)
                                (no ring)

@: appendages, wereblooded
A: tentacle spike 3, almost no armour, amphibious, 8 rings, camouflage 1,
gelatinous body 1, (nimble swimmer 1), tentacles, clarity, clever 1
a: End Transformation, Renounce Religion


You were on level 4 of the Dungeon.
You worshipped Ashenzari.
Ashenzari was noncommittal.
One of your tentacles had grown a beastly spike.
You visited 2 branches of the dungeon, and saw 5 of its levels.

You collected 157 gold pieces.

Inventory:

Hand Weapons
 a - a +0 hunting sling
 b - a +0 whip (weapon)
Missiles
 i - 5 boomerangs
 o - 10 arrows
 p - 23 poisoned darts
Magical Staves
 n - a staff of poison
Jewellery
 d - the ring "Xonlasen" (left tentacle) {*Corrode rElec rPois rF+ rC-}
   (You acquired it on level 3 of the Dungeon)

   [ring of protection from fire]

   It protects you from fire.
   It makes you vulnerable to cold.
   It insulates you from electricity.
   It protects you from poison.
   It may corrode you when you take damage.
 f - a ring of magical power (right tentacle)
 j - a ring of wizardry (on tentacle)
Wands
 k - a wand of digging (8)
Scrolls
 e - a scroll of enchant armour
 g - 5 scrolls of identify
Potions
 c - a potion of flight
 h - a potion of curing


   Skills:
 + Level 3.1 Fighting
 - Level 2.0 Dodging
 - Level 3.0 Unarmed Combat
 + Level 3.4 Spellcasting
 * Level 4.8 Transmutations


You had 5 spell levels left.
You knew the following spells:

 Your Spells              Type           Power      Damage    Failure   Level
a - Beastly Appendage     Tmut           40%        N/A       1%          1
c - Spider Form           Tmut/Pois      5%         N/A       7%          3
w - Wereblood             Tmut           20%        N/A       1%          2

Your spell library contained the following spells:

 Spells                   Type           Power      Damage    Failure   Level
 Ice Form                 Ice/Tmut       11%        N/A       22%         4
 Hydra Form               Tmut           10%        N/A       24%         5


Dungeon Overview and Level Annotations

Branches:
Dungeon (4/15)             Temple (1/1) D:4

Altars:
Ashenzari
Cheibriados
Dithmenos
Elyvilon
Fedhas
Gozag
Hepliaklqana
Kikubaaqudgha
Makhleb
Nemelex Xobeh
Okawaru
Qazlal
Ru
Trog
Uskayaw
Vehumet
Wu Jian
Xom
Yredelemnul
Zin
The Shining One

Annotations:
D:4 Menkaure


Innate Abilities, Weirdness & Mutations

One of your tentacles has grown a beastly spike.
You cannot wear most types of armour.
You are amphibious.
You can wear up to eight rings at the same time.
Your skin changes colour to match your surroundings (Stealth+).
Your rubbery body absorbs attacks. (AC +1, EV +1)
((You are camouflaged near water. (Stealth+)))
You have tentacles for arms and can constrict up to eight enemies at once.
You possess an exceptional clarity of mind.
Your mind is acute. (Int +2)


Message History

You hit the orc wizard. You grab the orc wizard.
You pierce the orc wizard.
The orc wizard is heavily wounded.
You constrict the orc. You constrict the orc wizard.
The orc hits you with a +0 whip.
* * * LOW HITPOINT WARNING * * *
An orc comes into view. It is wielding a +0 club.
The orc wizard hits you with a +0 dagger.
* * * LOW HITPOINT WARNING * * *
The orc hits you with a +0 dagger.
* * * LOW HITPOINT WARNING * * *
You release your grip on the orc.
You release your grip on the orc wizard.
You feel much better. The orc closely misses you.
You barely miss the orc. You grab the orc.
The orc is heavily wounded.
You constrict the orc. The orc misses you.
You barely miss the orc.
The orc is severely wounded.
You constrict the orc.
You kill the orc!
The orc priest mumbles some strange prayers to Beogh against you.
Pain shoots through your body!
You hit the orc wizard. You grab the orc wizard. You squeeze the orc wizard.
The orc wizard is almost dead.
You constrict the orc wizard.
You kill the orc wizard!
The orc priest mumbles some strange prayers to Beogh against you.
Pain shoots through your body!
* * * LOW HITPOINT WARNING * * *
You barely miss the orc. You grab the orc. You squeeze the orc.
The orc is moderately wounded.
You constrict the orc.
The orc priest calls upon Beogh to heal the orc.
The orc's wounds heal themselves!
The orc barely misses you.
You hit the orc.
The orc is severely wounded.
You constrict the orc.
The orc priest invokes the aid of Beogh against you.
Beogh smites you!
You die...

##.## #### .#
...##. ... ##.....
#.# ###>.... # #.#
......## .# ##.
###.######..o..#..#
..
.##.........oog...#
## .##..# #o#
.#..##.(########@#
.#..##...........#
....##.###########
.#####.# .# #.#
.#####.# .......#
########


You could see an orc priest, 3 orcs and a hobgoblin.

Vanquished Creatures
  A necrophage (D:4)
  A scorpion (D:4)
  A hound (D:2)
  An orc wizard (D:4)
  3 adders
  2 worms (D:3)
  3 dart slugs
  4 orcs
  3 ball pythons
  9 bats
  3 endoplasms
  3 giant cockroaches
  9 goblins
  11 hobgoblins
  4 kobolds
  A quokka (D:3)
  5 frilled lizards
  3 rats
67 creatures vanquished.

Notes
Turn   | Place    | Note
-------+----------+-------------------------------------------
     0 | D:1      | HELP the Octopode Transmuter began the quest for the Orb.
     0 | D:1      | Reached XP level 1. HP: 13/13 MP: 3/3
   154 | D:1      | Upgraded the game from 0.27-a0-890-ged2907cb04 to
                  | 0.27-a0-901-g8736458e1e
   346 | D:1      | Reached XP level 2. HP: 16/18 MP: 3/5
   751 | D:1      | Found a faded altar of an unknown god.
  1035 | D:1      | Reached XP level 3. HP: 23/23 MP: 4/6
  1321 | D:1      | Learned a level 2 spell: Wereblood
  1325 | D:1      | Learned a level 3 spell: Spider Form
  1472 | D:2      | Reached skill level 3 in Transmutations
  1774 | D:2      | Reached XP level 4. HP: 8/29 MP: 6/8
  3529 | D:3      | Reached XP level 5. HP: 35/35 MP: 7/9
  4196 | D:4      | Gained mutation: You possess an exceptional clarity of
                  | mind. [potion of mutation]
  4196 | D:4      | Gained mutation: Your mind is acute. (Int +2) [potion of
                  | mutation]
  4202 | D:3      | Identified a scroll of acquirement
  4202 | D:3      | Acquired the ring "Xonlasen" {*Corrode rElec rPois rF+ rC-}
  4237 | D:4      | Reached skill level 4 in Transmutations
  4290 | D:4      | Noticed a necrophage
  4297 | D:4      | Killed a necrophage
  4298 | D:4      | Reached XP level 6. HP: 24/42 MP: 8/11
  4454 | D:4      | Found a staircase to the Ecumenical Temple.
  4482 | Temple   | Entered the Ecumenical Temple
  4623 | Temple   | Became a worshipper of Ashenzari the Shackled
  4789 | D:4      | Noticed Menkaure
  4914 | D:4      | HP: 2/42 [orc wizard/+0 dagger (2)]
  4921 | D:4      | Killed from afar by an orc priest

Illustrated notes

Levels and vault maps discovered:
D:1:      minmay_arrival_widening_spiral_wide, layout_loops_corners,
          basic_ecumenical_altar
D:2:      layout_basic, kennysheep_boxes
D:3:      layout_loops_corners, guppyfry_early_orc_mine
D:4:      layout_loops_ring, minmay_temple_entry_mini_moons, abandoned_shop,
          lexackson_kobold_supper, uniq_menkaure
Temple:   kilobyte_greek_temple

Skill      XL: |  1  2  3  4  5 |
---------------+----------------+-----
Transmutations | 3 4 |  4.8
Fighting       | 2 3 |  3.1
Spellcasting   | 3 |  3.4
Dodging        | |  2.0
Unarmed Combat | |  3.0

Action                   |  1- 3 |  4- 6 || total
-------------------------+-------+-------++-------
Melee: Whip              |    72 |   108 ||   180
       Constrict         |    25 |    30 ||    55
       Kick              |    19 |    23 ||    42
       Tentacles         |    14 |    18 ||    32
       Punch             |     2 |     2 ||     4
 Cast: Beastly Appendage |    18 |    18 ||    36
       Wereblood         |       |     2 ||     2
  Use: Potion            |     2 |     3 ||     5
       Scroll            |       |     5 ||     5
 Stab: Sleeping          |    11 |     3 ||    14
Armor: Skin              |     7 |    13 ||    20
Dodge: Dodged            |    45 |    56 ||   101

Table legend: (Time is in decaauts)
 A = Elapsed time spent in this place.
 B = Non-inter-level travel time spent in this place.
 C = Inter-level travel time spent in this place.
 D = Time resting spent in this place.
 E = Time spent auto-exploring this place.
 F = Levels seen in this place.
 G = Mean time per level.
                   A        B        C        D        E       F      G
               +--------+--------+--------+--------+--------+-----+--------+
         Total |   4937 |   4788 |    149 |    602 |   3127 |   5 |  987.4 |
       Dungeon |   4659 |   4559 |    100 |    602 |   2917 |   4 | 1164.8 |
        Temple |    278 |    229 |     49 |      0 |    210 |   1 |  278.0 |
               +--------+--------+--------+--------+--------+-----+--------+

Top non-repeatable levels by time:
     D:3: 1967 daAuts
     D:1: 1329 daAuts
     D:2: 937 daAuts
     D:4: 424 daAuts
  Temple: 278 daAuts
